 Dungeon Crawl Stone Soup version 0.20-a0-2-g2b0e13a (webtiles) character file.

18650 JeffiDaFish the Protected (level 12, -14/106 HPs)
             Began as a Hill Orc Fighter on Oct 28, 2016.
             Was a High Priest of Beogh.
             Killed from afar by an efreet (19 damage)
             ... with a fireball
             ... in a volcano.
             The game lasted 00:36:02 (11807 turns).

JeffiDaFish the Protected (Hill Orc Fighter)       Turns: 11807, Time: 00:36:03

Health: -14/106    AC: 16    Str: 24    XL:     12   Next: 60%
Magic:  28/28      EV:  7    Int:  8    God:    Beogh [*****.]
Gold:   617        SH: 12    Dex: 15    Spells: 1 memorised, 20 levels left

rFire  . . .     SeeInvis .     s - +11 dagger "Lizopeh" {pierce, Dex+5}
rCold  + . .     Gourm    .     n - +2 plate armour
rNeg   . . .     Faith    .     c - +0 shield
rPois  .         Spirit   .     (no helmet)
rElec  .         Reflect  .     (no cloak)
rCorr  .         Harm     .     (no gloves)
MR     .....                    (no boots)
Stlth  ..........               (no amulet)
                                m - ring of protection from cold
                                e - ring of magical power

@: no status effects
A: walk on water
a: Smiting, Recall Orcish Followers, Give Item to Named Follower, Renounce
Religion


You were in a volcano.
You worshipped Beogh.
Beogh was extremely pleased with you.
You were not hungry.

You visited 2 branches of the dungeon, and saw 12 of its levels.
You also visited: Ossuary and Volcano.

You collected 617 gold pieces.

Inventory:

Hand Weapons
 a - a +0 war axe
 g - a +1 hand axe of venom
 l - a +1 hand axe of venom
 s - the +11 dagger "Lizopeh" (weapon) {pierce, Dex+5}
   (You found it on level 4 of the Dungeon)

   It inflicts extra damage upon your enemies.
   It affects your dexterity (+5).
Armour
 c - a +0 shield (worn)
 n - a +2 plate armour (worn)
Jewellery
 e - a ring of magical power (left hand)
 m - a ring of protection from cold (right hand)
 D - an uncursed ring of wizardry
Wands
 i - a wand of polymorph (11/24)
 p - a wand of iceblast (5/15)
 v - a wand of flame (18/48)
 w - a wand of heal wounds (5/9)
 y - a wand of iceblast (9/15)
 B - a wand of iceblast (8/15)
 E - a wand of random effects (26/48)
Scrolls
 j - 4 scrolls of teleportation
 q - 2 scrolls of magic mapping
 t - 12 scrolls of identify
 u - a scroll of blinking
 x - 2 scrolls of remove curse
 K - a scroll of fear
Potions
 d - a potion of might
 k - 3 potions of agility
 A - a potion of flight
 J - a potion of resistance
Books
 C - a book of Cantrips

   Spells                             Type                      Level
   a - Confusing Touch                Hexes                        1
   b - Animate Skeleton               Necromancy                   1
   c - Summon Small Mammal            Summoning                    1
   d - Apportation                    Translocation                1
 F - a book of Party Tricks

   Spells                             Type                      Level
   a - Summon Butterflies             Summoning                    1
   b - Apportation                    Translocation                1
   c - Lesser Beckoning               Translocation                3
   d - Tukima's Dance                 Hexes                        3
   e - Alistair's Intoxication        Transmutation/Poison         5
   f - Invisibility                   Hexes                        6
 G - a book of Misfortune

   Spells                             Type                      Level
   a - Confusing Touch                Hexes                        1
   b - Confuse                        Hexes                        3
   c - Gell's Gravitas                Hexes/Translocation          3
   d - Petrify                        Transmutation/Earth          4
   e - Metabolic Englaciation         Hexes/Ice                    5
   f - Yara's Violent Unravelling     Hexes/Transmutation          5
 H - a book of Air

   Spells                             Type                      Level
   a - Shock                          Conjuration/Air              1
   b - Swiftness                      Charms/Air                   2
   c - Repel Missiles                 Charms/Air                   2
   d - Static Discharge               Conjuration/Air              3
   e - Lightning Bolt                 Conjuration/Air              5
 I - a book of Beasts

   Spells                             Type                      Level
   a - Summon Butterflies             Summoning                    1
   b - Call Canine Familiar           Summoning                    3
   c - Summon Ice Beast               Ice/Summoning                4
   d - Summon Mana Viper              Hexes/Summoning              5
   e - Summon Hydra                   Summoning                    7
Comestibles
 b - 4 meat rations
 f - 2 bread rations
 h - 2 beef jerkies
 o - 2 royal jellies
 r - 5 fruits
 z - 6 chunks of flesh
 L - 2 slices of pizza


   Skills:
 + Level 9.6 Fighting
 + Level 8.3 Short Blades
 + Level 10.1 Axes
 + Level 10.5 Armour
 - Level 2.3 Dodging
 - Level 1.1 Stealth
 + Level 10.0 Shields
 * Level 5.1 Spellcasting
 + Level 4.6 Necromancy


You had 20 spell levels left.
You knew the following spells:

 Your Spells              Type           Power        Failure   Level  Hunger
a - Animate Skeleton      Necr           N/A          86%         1    #......


Dungeon Overview and Level Annotations

Branches:
Dungeon (9/15)             Temple (0/1) D:5            Lair (3/6) D:9
  Swamp (0/4) Lair:2
  Snake: Lair:2-4    Spider: Lair:2-4       Orc: D:9-12

Altars:
Ashenzari
Elyvilon
Gozag
Hepliaklqana
Kikubaaqudgha
Qazlal
Ru
Sif Muna
Yredelemnul
Zin
The Shining One
Beogh

Shops:
D:8 [

Annotations:
Lair:1 exclusion: oklob plant


Message History

The efreet burns you.
* * * LOW HITPOINT WARNING * * *
You hit the efreet.
The efreet is moderately wounded.
You hit the efreet but do no damage.
The efreet is moderately wounded.
You block the efreet's attack.
You hit the efreet.
The efreet is moderately wounded.
You puncture the efreet!
The efreet is severely wounded.
The efreet gestures at you.
The fireball explodes!
The fireball engulfs you!
* * * LOW HITPOINT WARNING * * *
The fireball engulfs the efreet.
The efreet completely resists.
You puncture the efreet!
The efreet is almost dead.
The efreet gestures at you.
The fireball explodes!
The fireball engulfs you!
You die...

## §## ###§§# ##≈§≈≈##
##§§§≈≈≈## #≈≈≈.$≈≈≈#
#§§)!.# ##R$$# #@#§..#
##.##### ########
##.##.##### ###..#..∩##
..§§§§....###...#.....#
§≈§§§§.......#####∩....
≈≈≈≈≈§§≈≈.....## #§≈.§§
≈≈≈§≈≈≈≈≈≈≈....# ##≈≈§§
≈§§≈≈≈≈§≈....## ##≈§§
≈≈§§§≈≈≈≈≈....# ##§§


You could see an efreet.

Vanquished Creatures
  4 death yaks (Lair:2)
  Joseph (D:7)
  Psyche (D:9)
  A gargoyle (Volcano)
  3 spiny frogs
  A komodo dragon (Lair:2)
  6 hippogriffs
  A wraith (Ossuary)
  A yak (Lair:1)
  2 fire elementals
  A hungry ghost (D:7)
  Menkaure (D:4)
  2 water moccasins
  4 porcupines
  3 phantoms
  3 sky beasts
  2 ice beasts
  A necrophage (D:8)
  A black bear (D:8)
  2 ogres
  4 crocodiles
  4 bullfrogs
  5 wights (D:8)
  An electric eel (Lair:2)
  2 crimson imps
  A centaur zombie (D:5)
  A centaur skeleton (D:5)
  6 orc priests
  A hound (D:6)
  A jelly (D:6)
  2 bullfrog skeletons
  6 iguanas
  8 orc wizards
  12 worker ants
  A mummy (Ossuary)
  10 adders
  4 gnolls (D:8)
  3 river rats (D:9)
  2 shadow imps
  2 adder skeletons
  A worm (D:2)
  2 dart slugs
  5 leopard geckos
  24 orcs
  6 bats
  7 giant cockroaches
  6 hobgoblins
  5 jackals (D:7)
  6 kobolds
  A quokka (D:2)
  2 ball pythons
  2 frilled lizards
  2 gnoll skeletons (Ossuary)
  8 goblins
  A jackal zombie (D:8)
  9 kobold skeletons (Ossuary)
  A leopard gecko skeleton (D:5)
  14 orc skeletons (Ossuary)
  7 rats
  A plant (Lair:1)
227 creatures vanquished.

Vanquished Creatures (collateral kills)
  Gastronok (Lair:1)
  Harold (Lair:1)
  A hydra (Lair:1)
  A queen ant (Lair:2)
  7 death yaks (Lair:2)
  A hill giant (D:9)
  A molten gargoyle (Lair:1)
  A spiny frog (Lair:2)
  4 komodo dragons
  A hippogriff (Lair:3)
  5 yaks (Lair:1)
  2 basilisks
  4 vampire mosquitoes (Lair:2)
  5 soldier ants (Lair:2)
  5 porcupines
  An ogre (D:9)
  3 crocodiles
  A big kobold (D:9)
  4 bullfrogs
  A wyvern zombie (D:9)
  An electric eel (Lair:1)
  13 iguanas
  17 worker ants
  2 adders (D:9)
  3 river rats (D:9)
  An orc (D:8)
  6 kobolds (D:9)
  2 quokkas (D:9)
  A rat (D:9)
  2 fungi
  A plant (Lair:1)
99 creatures vanquished.

Vanquished Creatures (others)
  3 orc wizards
  An orc priest (D:3)
  A dart slug (D:3)
  9 orcs (D:3)
  A goblin (D:3)
  A fire vortex (Lair:1)
  2 fungi (D:9)
  2 plants
20 creatures vanquished.

Grand Total: 346 creatures vanquished

Notes
Turn   | Place    | Note
-------+----------+-------------------------------------------
     0 | D:1      | JeffiDaFish the Hill Orc Fighter began the quest for the Orb.
     0 | D:1      | Reached XP level 1. HP: 19/19 MP: 1/1
   111 | D:1      | Reached XP level 2. HP: 27/27 MP: 2/2
   750 | D:2      | Reached XP level 3. HP: 29/33 MP: 3/3
  1377 | D:2      | Reached XP level 4. HP: 39/40 MP: 4/4
  1385 | D:2      | You fall through a shaft!
  1386 | D:3      | Became a worshipper of Beogh the Brigand
  1655 | D:3      | Found a roughly hewn altar of Beogh.
  1880 | D:3      | Reached XP level 5. HP: 46/46 MP: 5/5
  1992 | D:3      | Reached skill level 5 in Axes
  2045 | D:3      | Reached XP level 6. HP: 45/53 MP: 6/6
  2156 | D:3      | Reached * piety under Beogh
  2287 | D:4      | Got a steaming dagger
  2288 | D:4      | Identified the +11 dagger "Lizopeh" {pierce, Dex+5} (You found it on level 4 of the Dungeon)
  2327 | D:4      | Found an ancient bone altar of Kikubaaqudgha.
  2327 | D:4      | Found a sacrificial altar of Ru.
  2327 | D:4      | Found a glowing golden altar of the Shining One.
  2429 | D:4      | Found a hazy altar of Hepliaklqana.
  2429 | D:4      | Noticed Menkaure
  2437 | D:4      | Killed Menkaure
  2723 | D:4      | Reached XP level 7. HP: 21/60 MP: 7/7
  3064 | D:5      | Entered Level 5 of the Dungeon
  3070 | D:5      | Reached skill level 5 in Armour
  3120 | D:5      | Reached skill level 5 in Shields
  3121 | D:5      | Found a staircase to the Ecumenical Temple.
  3173 | D:5      | Reached skill level 5 in Fighting
  3173 | D:5      | Reached skill level 1 in Dodging
  3383 | D:5      | Reached skill level 1 in Short Blades
  3671 | D:6      | Found a basalt altar of Yredelemnul.
  3782 | D:6      | Reached XP level 8. HP: 64/69 MP: 8/8
  4027 | D:6      | Reached ** piety under Beogh
  4297 | D:6      | Found a white marble altar of Elyvilon.
  4692 | D:7      | Noticed Joseph
  4712 | D:7      | Killed Joseph
  4712 | D:7      | Reached XP level 9. HP: 30/75 MP: 9/9
  5059 | D:7      | Found a stormy altar of Qazlal.
  5345 | D:8      | Found a shattered altar of Ashenzari.
  5444 | D:8      | Found a sand-covered staircase.
  5449 | Ossuary  | Entered an ossuary
  5581 | Ossuary  | Reached *** piety under Beogh
  5810 | D:8      | Found Goostrem's Antique Armour Shop.
  6016 | D:8      | Reached skill level 5 in Short Blades
  6727 | D:8      | Found a glowing silver altar of Zin.
  6727 | D:8      | Found an opulent altar of Gozag.
  6821 | D:8      | Reached XP level 10. HP: 80/86 MP: 10/10
  6964 | D:9      | Gained Bogwald as an ally
  6984 | D:9      | Reached **** piety under Beogh
  6995 | D:9      | Gained Berold as an ally
  7006 | D:9      | Found a staircase to the Lair.
  7297 | D:9      | Found a deep blue altar of Sif Muna.
  7307 | D:9      | Noticed a hill giant
  7316 | D:9      | Killed a hill giant
  7316 | D:9      | Reached skill level 1 in Stealth
  7549 | D:9      | Noticed Psyche
  7560 | D:9      | Killed Psyche
  7568 | D:9      | Learned a level 1 spell: Animate Skeleton
  7933 | Lair:1   | Entered Level 1 of the Lair of Beasts
  7933 | Lair:1   | Noticed Gastronok
  7933 | Lair:1   | Noticed Harold
  7941 | Lair:1   | Killed Harold
  7941 | Lair:1   | Reached skill level 1 in Spellcasting
  7951 | Lair:1   | Killed Gastronok
  7951 | Lair:1   | Reached skill level 1 in Necromancy
  7951 | Lair:1   | Reached XP level 11. HP: 22/94 MP: 14/14
  8662 | Lair:1   | Noticed a five-headed hydra
  8670 | Lair:1   | Killed a five-headed hydra
  8830 | Lair:1   | Noticed an oklob plant
  9434 | Lair:1   | Reached ***** piety under Beogh
  9949 | Lair:2   | Noticed a queen ant
  9977 | Lair:2   | Killed a queen ant
  9988 | Lair:2   | Reached skill level 10 in Armour
 10199 | Lair:2   | Noticed a death yak
 10207 | Lair:2   | Noticed a death yak
 10207 | Lair:2   | Noticed a death yak
 10208 | Lair:2   | Noticed a death yak
 10210 | Lair:2   | Noticed a death yak
 10212 | Lair:2   | Noticed a death yak
 10213 | Lair:2   | Killed a death yak
 10213 | Lair:2   | Reached XP level 12. HP: 98/104 MP: 18/18
 10217 | Lair:2   | Killed a death yak
 10221 | Lair:2   | Killed a death yak
 10225 | Lair:2   | Killed a death yak
 10226 | Lair:2   | Killed a death yak
 10232 | Lair:2   | Killed a death yak
 10567 | Lair:2   | Found a staircase to the Swamp.
 11154 | Lair:2   | Noticed a death yak
 11157 | Lair:2   | Noticed a death yak
 11157 | Lair:2   | Noticed a death yak
 11157 | Lair:2   | Noticed a death yak
 11158 | Lair:2   | Noticed a death yak
 11162 | Lair:2   | Killed a death yak
 11170 | Lair:2   | Killed a death yak
 11174 | Lair:2   | Killed a death yak
 11174 | Lair:2   | Reached skill level 10 in Axes
 11176 | Lair:2   | Killed a death yak
 11176 | Lair:2   | Reached skill level 5 in Spellcasting
 11209 | Lair:2   | Killed a death yak
 11695 | Lair:3   | Found a dark tunnel.
 11725 | Lair:3   | Noticed a six-headed hydra
 11754 | Volcano  | Entered a volcano
 11795 | Volcano  | Reached skill level 10 in Shields
 11806 | Volcano  | HP: 5/106 [efreet/fireball (17)]
 11807 | Volcano  | Killed from afar by an efreet

Vault maps used:
D:1:      dpeg_arrival_shelter
D:3:      first_bread, kennysheep_orc_chapel
D:4:      lemuel_round_altar, gammafunk_temple_overflow_forgotten, uniq_menkaure
D:6:      kennysheep_ying_yang
D:7:      kennysheep_mini, uniq_joseph
D:8:      grunt_temple_overflow_gold_and_silver, cheibrodos_ashenzari_chains,
          serial_shops, nicolae_shop_statue_plus, nicolae_ossuary_entry_plus
D:9:      kennysheep_little_box, minmay_lair_entry_grove, uniq_psyche
Lair:1:   minmay_lair_oklob_chamber, beast_lair_carwin_8, uniq_gastronok,
          uniq_harold
Lair:2:   beast_lair_carwin_large_2, minmay_swamp_entry_swarm,
          zaba_antful_of_joy
Lair:3:   minmay_snake_entry_guardpost_large, nicolae_volcano_entry_two_sided,
          roderic_carrion_pond, grunt_megastairs_1
Ossuary:  ossuary_due_mausoleum
Volcano:  volcano_pools

Skill      XL: |  1  2  3  4  5  6  7  8  9 10 11 12 |
---------------+-------------------------------------+-----
Axes           | 3 4 5 6 7 8 9 10 | 10.1
Fighting       | 4 5 6 7 8 9 |  9.6
Armour         | 4 5 7 8 9 10 | 10.5
Shields        | 4 5 6 7 9 10 | 10.0
Dodging        | 1 2 |  2.3
Short Blades   | 1 3 5 7 8 |  8.3
Stealth        | 1 |  1.1
Spellcasting   | 2 4 5 |  5.1
Necromancy     | 1 3 4 |  4.6

Action                   |  1- 3 |  4- 6 |  7- 9 | 10-12 || total
-------------------------+-------+-------+-------+-------++-------
Melee: War axe           |   123 |       |       |       ||   123
       Hand axe          |    14 |    73 |       |       ||    87
       Dagger            |       |    15 |   322 |   399 ||   736
Invok: Convert to Beogh  |       |     1 |       |       ||     1
  Use: Scroll            |     7 |     3 |     1 |     3 ||    14
       Potion            |     3 |     5 |     6 |     6 ||    20
 Stab: Distracted        |       |       |       |     4 ||     4
       Invisible         |       |       |       |     1 ||     1
  Eat: Chunk             |     2 |     4 |     6 |     5 ||    17
       Meat ration       |       |       |     2 |     1 ||     3
       Fruit             |       |       |     2 |       ||     2
       Bread ration      |       |       |       |     1 ||     1
Armor: Chain mail        |    57 |     6 |       |       ||    63
       Scale mail        |    10 |       |       |       ||    10
       Plate armour      |       |    34 |   153 |   122 ||   309
Dodge: Dodged            |    34 |     6 |    49 |    58 ||   147
Block: Shield            |    58 |    30 |   135 |   165 ||   388
